 Seeded DCSS version 0.31-a0-365-gcf821cafb2 (webtiles) character file.

Game seed: 4560444620379715527 (custom seed)

77 MegasTu the Shield-Bearer (level 4, -5/35 HPs)
             Began as a Formicid Fighter on July 28, 2023.
             Killed by divine providence
             ... invoked by an orc priest
              (13 damage)
             ... on level 3 of the Dungeon.
             The game lasted 00:01:53 (1423 turns).

MegasTu the Shield-Bearer (Formicid Fighter)        Turns: 1423, Time: 00:01:53

Health: -5/35      AC:  6    Str: 22    XL:     4   Next: 60%
Magic:  4/4        EV:  9    Int:  8    God:
Gold:   100        SH:  5    Dex: 13    Spells: 3/3 levels left

rFire   . . .        a - +0 long sword
rCold   . . .        c - +0 buckler
rNeg    . . .        b - +0 scale mail
rPois   .            (helmet unavailable)
rElec   .            (no cloak)
rCorr   .            (no gloves)
SInv    +            (no boots)
Will    .....        (no amulet) Stlth
                     (no ring)
HPRegen 0.25/turn    (no ring)
MPRegen 0.09/turn

%: no passive effects
@: no status effects
A: permanent stasis, dig shafts and tunnels, antennae 3, four strong arms
a: Dig, Shaft Self


You were on level 3 of the Dungeon.
You visited 1 branch of the dungeon, and saw 3 of its levels.

You collected 100 gold pieces.

Inventory:

Hand Weapons
 a - a +0 long sword (weapon)
 f - a +2 sling of freezing
Armour
 b - a +0 scale mail (worn)
 c - a +0 buckler (worn)
Scrolls
 e - 4 scrolls of teleportation {unknown}
 g - a scroll of identify {unknown}
 h - a scroll of torment {unknown}
 i - a scroll of revelation {unknown}
 l - a scroll of noise {unknown}
 o - a scroll of enchant weapon {unknown}
Potions
 d - 2 potions of might
 j - a potion of curing {unknown}
 k - a potion of magic {unknown}
 m - a potion of lignification {unknown}
 n - 2 potions of attraction {unknown}


   Skills:
 - Level 3.5 Fighting
 + Level 3.9 Long Blades
 - Level 3.5 Armour
 - Level 4.3 Shields


You had 3 spell levels left.
You didn't know any spells.
Your spell library was empty.

Dungeon Overview and Level Annotations

Branches:
Dungeon (3/15)

Altars:


Innate Abilities, Weirdness & Mutations

You cannot be hasted, slowed, berserked, paralysed or teleported.
You can dig through walls and to a lower floor.
You have a pair of large antennae on your head. (SInv)
Your four strong arms can wield two-handed weapons with a shield.


Message History

An orc priest comes into view. It is wielding a +0 hand axe.
The kobold hits you with a +0 short sword.
You hit the kobold.
You kill the kobold!
The orc priest mumbles some strange prayers to Beogh against you.
Beogh smites you!
Found a scroll labelled ZIV SOTROGHIF.
The orc closely misses you.
You hit the orc.
The orc is heavily wounded.
You hit the orc.
The orc is heavily wounded.
The orc priest mumbles some strange prayers to Beogh against you.
Beogh smites you! You block the orc's attack.
You are too injured to fight recklessly!
You are too injured to fight recklessly!
You are too injured to fight recklessly!
There are monsters nearby!
There are monsters nearby!
Unknown command.
The orc barely misses you.
The orc priest miscasts a cantrip.
The orc hits you with a +0 club.
* * * LOW HITPOINT WARNING * * *
Really walk into that dispersal trap? [Y]es or [N]o only, please.
Really walk into that dispersal trap?
Okay, then.
Really walk into that dispersal trap? [Y]es or [N]o only, please.
Really walk into that dispersal trap?
You enter a dispersal trap!
The orc priest blinks!
The orc blinks! x3
The orc priest blinks!
The orc blinks!
You feel a strange sense of stasis.
The orc priest begins to cast a cantrip, but forgets the words!
There is a dispersal trap here.
You barely miss the orc.
The orc is heavily wounded.
You block the orc's attack.
The orc priest mumbles some strange prayers to Beogh against you.
Beogh smites you!
You die...

####.......####
#...#.........†#
#...#.8........###
#...#............#
#...####...###.<.#
#...(..#.⌠.# #...#
####...§.#...#
#####
#.....$§§#...##
......o@......#
..?....o..$...#
...........§..#
.#............#
##.......§..##
##../o.....#
#.......#.#
###.#.....# ...#..
..


You could see an orc priest and 2 orcs.

Vanquished Creatures
  4 adders
  A worm (D:3)
  A dart slug (D:1)
  7 endoplasms
  2 goblins (D:1)
  2 hobgoblins
  3 jackals (D:2)
  6 kobolds
  2 quokkas
  3 bats
  4 frilled lizards
  A rat (D:1)
36 creatures vanquished.

Notes
Turn   | Place    | Note
-------+----------+-------------------------------------------
     0 | D:1      | MegasTu the Formicid Fighter began the quest for the Orb.
     0 | D:1      | Reached XP level 1. HP: 18/18 MP: 1/1
    51 | D:1      | Reached XP level 2. HP: 24/24 MP: 2/2
   572 | D:2      | Reached XP level 3. HP: 29/29 MP: 3/3
   907 | D:2      | Reached XP level 4. HP: 34/35 MP: 4/4
  1423 | D:3      | Killed from afar by an orc priest

Illustrated notes

Levels and vault maps discovered:
D:1:      dpeg_arrival_houses_and_road, layout_rooms, serial_aquarium,
          aquarium_bridge_square [aquarium_subvault_bridge,
          aquarium_subvault_bridge, aquarium_subvault_wall,
          aquarium_subvault_wall], aquarium_bridge_long_separate
          [aquarium_subvault_bridge, aquarium_subvault_window,
          aquarium_subvault_bridge, aquarium_subvault_window,
          aquarium_subvault_wall, aquarium_subvault_bridge], aquarium_window_2,
          aquarium_window_fake, aquarium_view_2d, aquarium_view_2e,
          aquarium_balcony_double_4
D:2:      layout_loops_ring
D:3:      layout_rooms, kiku_gazebo_pond_becter, nicolae_elevator_lobby_asterisk

Skill      XL: |  1  2  3 |
---------------+----------+-----
Long Blades    | 3 |  3.9
Fighting       | |  3.5
Armour         | |  3.5
Shields        | |  4.3

Action                     |  1- 3 |  4- 6 || total
---------------------------+-------+-------++-------
  Melee: Long sword        |    34 |    32 ||    66
   Fire: Sling             |    58 |       ||    58
 Armour: Scale mail        |    27 |    11 ||    38
  Dodge: Dodged            |    36 |    17 ||    53
  Block: Buckler           |    19 |    10 ||    29

Table legend: (Time is in decaauts)
 A = Elapsed time spent in this place.
 B = Non-inter-level travel time spent in this place.
 C = Inter-level travel time spent in this place.
 D = Time resting spent in this place.
 E = Time spent auto-exploring this place.
 F = Levels seen in this place.
 G = Mean time per level.
                   A        B        C        D        E       F      G
               +--------+--------+--------+--------+--------+-----+--------+
         Total |   1473 |   1403 |     70 |     63 |   1045 |   3 |  491.0 |
       Dungeon |   1473 |   1403 |     70 |     63 |   1045 |   3 |  491.0 |
               +--------+--------+--------+--------+--------+-----+--------+

Top non-repeatable levels by time:
     D:2: 753 daAuts
     D:1: 587 daAuts
     D:3: 132 daAuts
